[Event "*** Titled Tuesday Blitz"]
[Site "Chess.com"]
[Date "2021.04.20"]
[Round "6"]
[White "Indianlad"]
[Black "VMikhalevski"]
[Result "1-0"]
[WhiteElo "2921"]
[BlackElo "2706"]
[TimeControl "180+1"]
[EndTime "11:03:03 PDT"]
[Termination "Indianlad won by resignation"]

1. c4 Nf6 2. Nc3 d5 3. cxd5 Nxd5 4. e4 Nxc3 5. dxc3 Qxd1+ 6. Kxd1 e5 7. Be3 Be6 8. f3 Nd7 9. Kc2 a5 10. Nh3 f6 11.
Nf2 Bc5 12. Bxc5 Nxc5 13. Be2 Ke7 14. Nd1 Rhd8 15. Ne3 Rd7 16. Rhd1 Rad8 17. Rxd7+ Rxd7 18. b4 axb4 19. cxb4 Na4 20. Bb5 Nb6 21. Bxd7 Kxd7 22. a4 Nc8 23. b5 b6 24. Kc3 Nd6 25. Rd1 Kc8 26. Nd5 Kb7 27. Kb4 Nc8 28. Rc1 Bxd5 29.
exd5 Ne7 30. Rd1 Nf5 31. g4 Nd6 32. h4 Kc8 33. Rc1 Kd7 34. a5 bxa5+ 35. Kxa5 Nc8 36. Ka6 Nb6 37. Kb7 Nxd5 38. Rd1 Ke6 39. Rxd5 Kxd5 40. Kxc7 1-0

[Event "*** Titled Tuesday Blitz"]
[Site "Chess.com"]
[Date "2021.04.20"]
[Round "6"]
[White "aaaao"]
[Black "alexgo05"]
[Result "1-0"]
[WhiteElo "2640"]
[BlackElo "2483"]
[TimeControl "180+1"]
[EndTime "11:03:08 PDT"]
[Termination "aaaao won by resignation"]

1. c4 Nf6 2. g3 e5 3. Bg2 c6 4. Nc3 d6 5. d4 Be7 6. Nf3 Nbd7 7. O-O O-O 8. Qc2 a6 9. b3 Qc7 10. Bb2 Re8 11. Rad1 Bf8 12. dxe5 dxe5 13. Ng5 Nc5 14. b4 Ne6 15. Nge4 Nxe4 16. Nxe4 f5 17. Nc3 Nd4 18. Qa4 b5 19. cxb5 cxb5 20. Nxb5 axb5 21. Qxa8 Nxe2+ 22. Kh1 Bxb4 23. Qd5+ Kh8 24. Qxb5 1-0

[Event "*** Titled Tuesday Blitz"]
[Site "Chess.com"]
[Date "2021.04.20"]
[Round "6"]
[White "BigAl"]
[Black "Harald_Schmidt"]
[Result "1-0"]
[WhiteElo "2591"]
[BlackElo "2405"]
[TimeControl "180+1"]
[EndTime "11:03:08 PDT"]
[Termination "BigAl won by resignation"]

1. Nf3 c5 2. g3 b6 3. Bg2 Bb7 4. O-O h5 5. h4 Nf6 6. d3 Ng4 7. a4 a6 8. e4 Nc6 9. c3 d5 10. Nbd2 dxe4 11. dxe4 e6 12. Qe2 Be7 13. Nc4 O-O 14. Rd1 Qc7 15. e5 Rad8 16. Bf4 Rxd1+ 17.
Rxd1 Rd8 18. Nd6 Ncxe5 19. Nxb7 Rxd1+ 20. Qxd1 Nxf3+ 21. Bxf3 e5 22. Bc1 c4 23. Kg2 b5 24.
axb5 axb5 25. Qd5 Qb6 26. Bxg4 hxg4 27. Be3 Qf6 28. Bg5 1-0

[Event "*** Titled Tuesday Blitz"]
[Site "Chess.com"]
[Date "2021.04.20"]
[Round "6"]
[White "Sjakkerntobi"]
[Black "PawnEatingZombie"]
[Result "1-0"]
[WhiteElo "2393"]
[BlackElo "2188"]
[TimeControl "180+1"]
[EndTime "11:03:15 PDT"]
[Termination "Sjakkerntobi won by resignation"]

1. e4 c6 2. Nc3 d5 3. Nf3 Bg4 4. h3 Bh5 5. exd5 cxd5 6. g4 Bg6 7. Bb5+ Nc6 8. Ne5 Rc8 9. d4 e6 10. Qe2 Bb4 11. h4 Ne7 12. h5 Be4 13. f3 a6 14.
Bxc6+ Nxc6 15. Nxc6 Rxc6 16. fxe4 Rxc3 17. bxc3 Bxc3+ 18. Bd2 Bxa1 19. c3 Qa5 20. Qe3 O-O 21. O-O Qxa2 22.
h6 g6 23. Qg5 f6 24. Rxf6 Qa3 25.
Rxg6+ Kh8 26. Rg8+ Rxg8 27. Qf6+ 1-0

[Event "*** Titled Tuesday Blitz"]
[Site "Chess.com"]
[Date "2021.04.20"]
[Round "6"]
[White "Kretov_Evgenij"]
[Black "platy3"]
[Result "1/2-1/2"]
[WhiteElo "2667"]
[BlackElo "2839"]
[TimeControl "180+1"]
[EndTime "11:03:17 PDT"]
[Termination "Game drawn by agreement"]

1. d4 Nf6 2. c4 e6 3. Nc3 Bb4 4. Bg5 h6 5. Bh4 b6 6. e3 Bb7 7. Nf3 g5 8. Bg3 Ne4 9. Qc2 Bxc3+ 10. bxc3 d6 11. Bd3 f5 12. O-O Nd7 13. Nd2 Nxd2 14.
Qxd2 h5 15. h3 h4 16. Bh2 Qf6 17. f3 Rg8 18. e4 f4 19. Kh1 e5 20. Bg1 c5 21. a4 a5 22. d5 Kd8 23. Bh2 Ba6 24. Kg1 Kc7 25. Kf2 Qg6 26. Qe2 Nf6 27. Ke1 Rh8 28.
Kd2 Rag8 29. Rab1 Qe8 30. Ra1 Nh5 31. Rfb1 Nf6 32. Bg1 Nd7 33. Rb2 1/2-1/2

[Event "*** Titled Tuesday Blitz"]
[Site "Chess.com"]
[Date "2021.04.20"]
[Round "6"]
[White "Jospem"]
[Black "losersgame"]
[Result "1-0"]
[WhiteElo "2962"]
[BlackElo "2346"]
[TimeControl "180+1"]
[EndTime "11:03:20 PDT"]
[Termination "Jospem won on time"]

1. e4 e5 2. Nf3 Nc6 3. Bb5 a6 4. Ba4 d6 5. c3 Bd7 6. d4 Nge7 7.
O-O Ng6 8. Re1 Be7 9. Be3 h6 10. Nbd2 Bg5 11. Nf1 Bxe3 12. fxe3 O-O 13. Ng3 Qe8 14.
Bb3 Na5 15. Bc2 c5 16. Nf5 Qe6 17. Nd2 b5 18. Rf1 cxd4 19. exd4 exd4 20. cxd4 Nc4 21. Nxc4 bxc4 22. Qf3 Rab8 23. Qc3 Rfc8 24. h4 h5 25. Rae1 Rb6 26. Bd1 Rcb8 27. Rf2 Qe8 28. Bxh5 Be6 29. Bd1 1-0

[Event "*** Titled Tuesday Blitz"]
[Site "Chess.com"]
[Date "2021.04.20"]
[Round "6"]
[White "ZEN-22"]
[Black "CM_rui"]
[Result "1-0"]
[WhiteElo "2382"]
[BlackElo "2463"]
[TimeControl "180+1"]
[EndTime "11:03:25 PDT"]
[Termination "ZEN-22 won by checkmate"]

1. d3 Nf6 2. e4 e5 3. f4 d6 4. Nf3 Nc6 5. h3 h5 6. Nc3 h4 7. Be2 Nh5 8. Nxe5 Ng3 9. Nxc6 bxc6 10. Rg1 d5 11. Bf3 dxe4 12. Nxe4 Qd4 13. Nxg3 Qxg1+ 14. Nf1 Bc5 15. Bxc6+ Kd8 16. Qf3 Rb8 17. c3 Ba6 18.
Qd5+ Bd6 19. Be3 Qh2 20. Nxh2 Rxb2 21. O-O-O Rb8 22. Bc5 Ke7 23. Re1+ Kf8 24. Bxd6+ cxd6 25. Qxd6+ Kg8 26. Qxb8+ Kh7 27. Be4+ g6 28. Bxg6+ fxg6 29. Re7+ Kh6 30. Qxh8# 1-0

[Event "*** Titled Tuesday Blitz"]
[Site "Chess.com"]
[Date "2021.04.20"]
[Round "6"]
[White "Beca95"]
[Black "GMRafpig"]
[Result "1-0"]
[WhiteElo "2852"]
[BlackElo "2699"]
[TimeControl "180+1"]
[EndTime "11:03:30 PDT"]
[Termination "Beca95 won by resignation"]

1. d4 Nf6 2. c4 e6 3. Nc3 Bb4 4. Nf3 O-O 5. Qc2 c5 6. dxc5 Bxc5 7.
Bg5 Nc6 8. e3 Be7 9. Rd1 h6 10.
Bh4 b6 11. Be2 Bb7 12. O-O a6 13. Rd2 Qc7 14. Rfd1 Rad8 15. Bg3 d6 16. Nd5 exd5 17. cxd5 Nxd5 18. Rxd5 Qb8 19. R5d2 Rd7 20. h4 Rc8 21. Qf5 Rcd8 22. h5 Nb4 23. a3 Nd5 24. Rxd5 Bxd5 25.
Rxd5 Kf8 26. Bc4 Bf6 27. Rd1 b5 28. Bb3 Qc7 29. Nh2 Be5 30. Bh4 Rc8 31. Qh7 Bf6 32.
Bxf6 gxf6 33. Ng4 1-0

[Event "*** Titled Tuesday Blitz"]
[Site "Chess.com"]
[Date "2021.04.20"]
[Round "6"]
[White "dodorox"]
[Black "ecwinslow"]
[Result "1-0"]
[WhiteElo "2125"]
[BlackElo "2266"]
[TimeControl "180+1"]
[EndTime "11:03:30 PDT"]
[Termination "dodorox won by resignation"]

1. d4 Nf6 2. c4 e6 3. Nc3 c5 4.
d5 exd5 5. cxd5 d6 6. g3 g6 7. Bg2 Bg7 8. Nf3 O-O 9. O-O Re8 10.
Nd2 b6 11. Re1 Na6 12. h3 Nc7 13. Kh2 Bb7 14. e4 b5 15. Nb3 b4 16. Nb1 a5 17.
Bg5 a4 18. N3d2 h6 19. Be3 Qd7 20. a3 Nb5 21. Nc4 Ra6 22. axb4 cxb4 23. Rxa4 Rxa4 24.
Qxa4 Ra8 25. Qxb4 Qe7 1-0

[Event "*** Titled Tuesday Blitz"]
[Site "Chess.com"]
[Date "2021.04.20"]
[Round "6"]
[White "catzapto"]
[Black "Stormeman100100"]
[Result "1/2-1/2"]
[WhiteElo "2097"]
[BlackElo "2481"]
[TimeControl "180+1"]
[EndTime "11:03:31 PDT"]
[Termination "Game drawn by repetition"]

1. e4 e5 2. Nf3 Nc6 3. d4 exd4 4. Bc4 Nf6 5. e5 d5 6. Bb5 Ne4 7. Nxd4 Bc5 8. Nxc6 bxc6 9. Bxc6+ Bd7 10. Qxd5 Bxf2+ 11. Kf1 Bxc6 12. Qxc6+ Ke7 13. Qxe4 Qd1+ 14. Kxf2 Qxh1 15.
Bg5+ Ke6 16. Qc6+ Kxe5 17. Qxc7+ Kf5 18. Qxf7+ Kxg5 19. Qxg7+ Kh5 20. Qf7+ Kg5 21. Qg7+ Kf5 22. Qf7+ Ke5 23. Qe7+ Kf5 24. Qf7+ Kg5 25. Qg7+ 1/2-1/2

[Event "*** Titled Tuesday Blitz"]
[Site "Chess.com"]
[Date "2021.04.20"]
[Round "6"]
[White "CraiggoryC"]
[Black "kidagent"]
[Result "0-1"]
[WhiteElo "2195"]
[BlackElo "2340"]
[TimeControl "180+1"]
[EndTime "11:03:34 PDT"]
[Termination "kidagent won by resignation"]

1. e4 c5 2. Nf3 d6 3. d4 cxd4 4.
Nxd4 Nf6 5. Nc3 a6 6. Bc4 e5 7. Nf5 g6 8. Ne3 Be6 9. Ned5 Nbd7 10. Bg5 h6 11. Nxf6+ Nxf6 12. Bxf6 Qxf6 13. Nd5 Qd8 14. Qf3 Bg7 15. O-O-O O-O 16. g4 Qg5+ 17. Kb1 Bxg4 18. Qa3 Bxd1 19. Rxd1 Rad8 20. Ne3 Qh4 21. f3 Qxh2 22. Qb4 b5 23. Bb3 h5 24. a3 h4 25.
Rxd6 Qg1+ 26. Nd1 Rxd6 27. Qxd6 h3 28. Ka2 h2 29. Nc3 h1=Q 30. Bd5 Qxf3 0-1

[Event "*** Titled Tuesday Blitz"]
[Site "Chess.com"]
[Date "2021.04.20"]
[Round "6"]
[White "Oleksandr_Bortnyk"]
[Black "NTBT_DHS"]
[Result "1-0"]
[WhiteElo "2952"]
[BlackElo "2725"]
[TimeControl "180+1"]
[EndTime "11:03:46 PDT"]
[Termination "Oleksandr_Bortnyk won by resignation"]

1. e4 g6 2. d4 Bg7 3. Nc3 a6 4. h4 h5 5. a4 d6 6. Bc4 Nd7 7.
Nh3 Nh6 8. Bxh6 Bxh6 9. Qf3 Nf6 10. Ng5 e6 11. O-O-O O-O 12. Kb1 Qe7 13. e5 Ng4 14.
Qg3 dxe5 15. dxe5 b5 16. Be2 Bxg5 17. hxg5 Qxg5 18. f4 Qe7 19. Bxg4 Bb7 20. Bxh5 Rfd8 21. Bf3 Bxf3 22. Qxf3 Qf8 23. Ne4 Qg7 24. Nf6+ Kf8 25. Rxd8+ 1-0

[Event "*** Titled Tuesday Blitz"]
[Site "Chess.com"]
[Date "2021.04.20"]
[Round "6"]
[White "AlexSuv"]
[Black "queen_iryna"]
[Result "0-1"]
[WhiteElo "2570"]
[BlackElo "2372"]
[TimeControl "180+1"]
[EndTime "11:03:47 PDT"]
[Termination "queen_iryna won by resignation"]

1. d4 d6 2. Nf3 g6 3. c4 Bg7 4.
Nc3 Nc6 5. d5 Ne5 6. Nxe5 Bxe5 7. g3 Bg7 8. Bg2 Nf6 9. O-O O-O 10. e4 e5 11. h3 Bd7 12. Be3 Ne8 13. c5 f5 14.
exf5 gxf5 15. f4 Nf6 16. fxe5 dxe5 17. d6 c6 18. Qd2 Qe8 19. Rae1 Qg6 20. Bf2 f4 21.
Rxe5 fxg3 22. Bd4 Nh5 23. Rxf8+ Rxf8 24. Re7 Qf5 25. Bxg7 Nxg7 26. Be4 Qf2+ 27. Qxf2 gxf2+ 28. Kf1 Bxh3+ 29. Bg2 Bxg2+ 30. Kxg2 f1=Q+ 0-1

[Event "*** Titled Tuesday Blitz"]
[Site "Chess.com"]
[Date "2021.04.20"]
[Round "6"]
[White "fabianvivasz"]
[Black "Susal_De_Silva"]
[Result "0-1"]
[WhiteElo "2345"]
[BlackElo "2583"]
[TimeControl "180+1"]
[EndTime "11:03:47 PDT"]
[Termination "Susal_De_Silva won on time"]

1. c4 e5 2. Nc3 Nf6 3. Nf3 Nc6 4.
e4 Bb4 5. d3 O-O 6. a3 Bxc3+ 7.
bxc3 d6 8. g3 Ne8 9. Nh4 Ne7 10.
Bg2 f5 11. exf5 Nxf5 12. Nxf5 Rxf5 13. O-O Rf8 14. f4 Nf6 15. fxe5 dxe5 16. Qe2 Bg4 17. Qe3 c6 18. Rb1 Rb8 19. a4 Qa5 20. Ba3 Rf7 21. Bb4 Qxa4 22. Qxe5 Re8 23. Qd4 Rd7 24. Qc5 Rxd3 25.
Qg5 h6 26. Qh4 Qc2 27. Rbc1 Qd2 0-1

[Event "*** Titled Tuesday Blitz"]
[Site "Chess.com"]
[Date "2021.04.20"]
[Round "6"]
[White "poneis_malditos"]
[Black "GameOverBro"]
[Result "0-1"]
[WhiteElo "2261"]
[BlackElo "2527"]
[TimeControl "180+1"]
[EndTime "11:03:47 PDT"]
[Termination "GameOverBro won by resignation"]

1. e4 c5 2. Nc3 g6 3. g3 Bg7 4.
Bg2 Nc6 5. d3 Nf6 6. f4 O-O 7.
Nf3 d5 8. e5 Ne8 9. O-O f5 10.
Ng5 e6 11. h4 h6 12. Nf3 d4 13. Ne2 Nc7 14. Kf2 Nd5 15. Rh1 h5 16. Ng5 b6 17. Bf3 Qe8 18. c4 dxc3 19. bxc3 Bb7 20.
Ba3 Rd8 21. Qc2 Bxe5 22. fxe5 Nxe5 23. d4 Nxf3 24. Nxf3 Nf6 25. Nf4 Qc6 26. d5 exd5 27. Nxg6 Ne4+ 28. Qxe4 fxe4 29. Ne7+ Kg7 30. Nxc6 Rxf3+ 31. Ke2 Bxc6 32. Rhg1 Bd7 33. c4 d4 0-1

[Event "*** Titled Tuesday Blitz"]
[Site "Chess.com"]
[Date "2021.04.20"]
[Round "6"]
[White "Vesper2018"]
[Black "Agoking701"]
[Result "1-0"]
[WhiteElo "2523"]
[BlackElo "2313"]
[TimeControl "180+1"]
[EndTime "11:03:54 PDT"]
[Termination "Vesper2018 won by resignation"]

1. e4 d6 2. d4 Nf6 3. Nc3 c6 4. f4 Qa5 5. Bd3 e5 6. Nf3 Nbd7 7. O-O exd4 8. Nxd4 g6 9. Be3 Bg7 10. Kh1 O-O 11. Qd2 Re8 12. a3 Ng4 13. Bg1 Qh5 14.
h3 Nc5 15. Rae1 Nf6 16. b4 Nxd3 17. cxd3 Bxh3 18. gxh3 Qxh3+ 19. Qh2 Qxd3 20. Rf3 Qc4 21. Qe2 Nxe4 22. Qxc4 1-0

[Event "*** Titled Tuesday Blitz"]
[Site "Chess.com"]
[Date "2021.04.20"]
[Round "6"]
[White "Matols"]
[Black "yonaltimur"]
[Result "1-0"]
[WhiteElo "2261"]
[BlackElo "1744"]
[TimeControl "180+1"]
[EndTime "11:03:54 PDT"]
[Termination "Matols won on time"]

1. d4 d5 2. c4 dxc4 3. Nf3 a6 4. e3 e6 5. Bxc4 Nf6 6. O-O Nbd7 7. Re1 b5 8. Bd3 Bb7 9. e4 c5 10. d5 e5 11. a4 c4 12. Bf1 Bd6 13. b3 Rc8 14. axb5 axb5 15. bxc4 bxc4 16. Nc3 O-O 17. Bb2 Qb6 18.
Qc2 h6 19. Nd2 Ba6 20. Na4 Qb7 21. Bc3 Nc5 22. Reb1 Qa7 23. h3 1-0

[Event "*** Titled Tuesday Blitz"]
[Site "Chess.com"]
[Date "2021.04.20"]
[Round "6"]
[White "Salem-AR"]
[Black "seorobert1971"]
[Result "1-0"]
[WhiteElo "2959"]
[BlackElo "2718"]
[TimeControl "180+1"]
[EndTime "11:03:57 PDT"]
[Termination "Salem-AR won by checkmate"]

1. d4 e6 2. c4 d5 3. Nc3 Nf6 4.
Nf3 Bb4 5. Bg5 c6 6. Qc2 Nbd7 7.
e3 Qa5 8. cxd5 Nxd5 9. Rc1 Qxa2 10. Bd3 Nxc3 11. bxc3 Qxc2 12. Rxc2 Be7 13. Bf4 b6 14.
Ke2 Bb7 15. Ra1 c5 16. Bb5 a6 17. Rca2 Kd8 18. Bxa6 Bd5 19. c4 Bxf3+ 20. gxf3 cxd4 21. Bb7 d3+ 22. Kd1 Rxa2 23. Rxa2 e5 24. Ra8+ Kc7 25.
Rxh8 exf4 26. Be4 fxe3 27. fxe3 h6 28. Bxd3 Ne5 29. Be2 Bf6 30. f4 Ng6 31. Ra8 Ne7 32.
Rf8 Nf5 33. Rxf7+ Kd6 34. e4 Ne3+ 35. Kd2 Ng2 36. e5+ Ke6 37. Rb7 Bd8 38. Bg4# 1-0

[Event "*** Titled Tuesday Blitz"]
[Site "Chess.com"]
[Date "2021.04.20"]
[Round "6"]
[White "Kolle05"]
[Black "Goryachkina"]
[Result "0-1"]
[WhiteElo "2334"]
[BlackElo "2637"]
[TimeControl "180+1"]
[EndTime "11:03:59 PDT"]
[Termination "Goryachkina won by resignation"]

1. e4 c5 2. Nf3 e6 3. d4 cxd4 4. Nxd4 a6 5. c4 Nf6 6. Nc3 Bb4 7. Qd3 d6 8. Be2 Nbd7 9. f3 Ne5 10. Qc2 O-O 11. Be3 Qc7 12. a3 Bc5 13. O-O Bd7 14. Rfd1 Rac8 15. Rac1 Qb8 16. b4 Ba7 17. Qb3 Rfd8 18.
Kf2 h6 19. Nc2 b5 20. cxb5 Neg4+ 21. Kg3 Nxe3 22. Nxe3 Bxe3 23. Rc2 d5+ 0-1

[Event "*** Titled Tuesday Blitz"]
[Site "Chess.com"]
[Date "2021.04.20"]
[Round "6"]
[White "chessmadara"]
[Black "gagtemp"]
[Result "1-0"]
[WhiteElo "2171"]
[BlackElo "1954"]
[TimeControl "180+1"]
[EndTime "11:04:03 PDT"]
[Termination "chessmadara won by resignation"]

1. c4 e6 2. Nc3 d5 3. cxd5 exd5 4. d4 c5 5. g3 Nc6 6. Nf3 Nf6 7. Bg2 cxd4 8.
Nxd4 Bc5 9. Nb3 Bb4 10. O-O Bxc3 11. bxc3 O-O 12. Bg5 Bg4 13. h3 Bh5 14. Qd3 Re8 15.
e3 Bg6 16. Qb5 Re5 17. Bf4 Rh5 18. Qxb7 Rc8 19. g4 Nxg4 20. hxg4 Rh4 21. Bg5 Rb8 1-0

[Event "*** Titled Tuesday Blitz"]
[Site "Chess.com"]
[Date "2021.04.20"]
[Round "6"]
[White "Aygehovit1992"]
[Black "Kislov_Oleg"]
[Result "1-0"]
[WhiteElo "2678"]
[BlackElo "2504"]
[TimeControl "180+1"]
[EndTime "11:04:04 PDT"]
[Termination "Aygehovit1992 won by resignation"]

1. e4 e6 2. d4 d5 3. Nc3 Nf6 4. Bg5 dxe4 5. Nxe4 Be7 6. Bxf6 gxf6 7. Nf3 b6 8. Bd3 Bb7 9. Qd2 c6 10. O-O-O Qc7 11.
Qh6 Nd7 12. Qg7 Rf8 13. Qxh7 O-O-O 14. Qh6 Rg8 15. Ng3 c5 16. Bb5 f5 17. Kb1 cxd4 18. Rxd4 Nf6 19. Rc4 Bc5 20. Qxf6 a6 21. b4 axb5 22.
Rc3 Bxf3 23. gxf3 Rd2 24. bxc5 bxc5 25. Qh6 Rd4 26. Qe3 f4 27. Qxd4 cxd4 28. Rxc7+ Kxc7 29. Ne4 f5 30. Nc5 Kd6 31. Nd3 e5 32. Re1 Re8 33. h4 e4 34. Nxf4 Ke5 35. Nd3+ Kd5 36. fxe4+ fxe4 37. h5 Rh8 38. Nf4+ Ke5 39. Ng6+ 1-0

[Event "*** Titled Tuesday Blitz"]
[Site "Chess.com"]
[Date "2021.04.20"]
[Round "6"]
[White "Skat2704"]
[Black "Zkid"]
[Result "0-1"]
[WhiteElo "2668"]
[BlackElo "2834"]
[TimeControl "180+1"]
[EndTime "11:04:07 PDT"]
[Termination "Zkid won by resignation"]

1. d4 d5 2. Nf3 Nf6 3. c4 dxc4 4. e3 e6 5. Bxc4 c5 6. O-O a6 7. b3 cxd4 8. exd4 b5 9. Be2 Bb7 10. Bb2 Be7 11. a4 bxa4 12. Rxa4 O-O 13. Nbd2 Nbd7 14. Nc4 Nb6 15. Ra1 Nbd5 16. Na5 Qb6 17. Nxb7 Qxb7 18. Ne5 Rfb8 19. Bc4 a5 20. Re1 a4 21. Qe2 Nf4 22. Qf1 a3 23. Bc3 N4d5 24. Bd2 Bb4 25. Bxb4 Nxb4 26. Nxf7 Kxf7 27. Bxe6+ Kf8 28. Qc4 Qc6 29.
Qe2 a2 30. Qe5 Nd3 0-1

[Event "*** Titled Tuesday Blitz"]
[Site "Chess.com"]
[Date "2021.04.20"]
[Round "6"]
[White "Chernobay_Artem"]
[Black "Vanina1989"]
[Result "0-1"]
[WhiteElo "2621"]
[BlackElo "2790"]
[TimeControl "180+1"]
[EndTime "11:04:07 PDT"]
[Termination "Vanina1989 won on time"]

1. d4 d5 2. c4 c6 3. Nf3 Nf6 4. Nc3 dxc4 5. a4 Bf5 6. e3 e6 7.
Bxc4 Bb4 8. O-O O-O 9. Qe2 Bg6 10. Ne5 Nbd7 11. Nxg6 hxg6 12. Rd1 Qc7 13. e4 e5 14. d5 Nb6 15. Bb3 a5 16. Bg5 Nfd7 17. Rac1 Nc5 18. Ba2 Qd7 19. dxc6 Qxc6 20. Nd5 Nxd5 21.
Bxd5 Qxa4 22. Be7 Rfc8 23. Qg4 Qe8 24. Bxc5 Rxc5 25. Rxc5 Bxc5 26. Qxg6 Ra6 27. Qh5 Rf6 28. Kh1 Rxf2 29. Bxb7 Bd4 30. b3 Qb5 0-1

[Event "*** Titled Tuesday Blitz"]
[Site "Chess.com"]
[Date "2021.04.20"]
[Round "6"]
[White "woodhy"]
[Black "GoltsevDmitry2000"]
[Result "0-1"]
[WhiteElo "2501"]
[BlackElo "2744"]
[TimeControl "180+1"]
[EndTime "11:04:08 PDT"]
[Termination "GoltsevDmitry2000 won by resignation"]

1. e4 c5 2. Nf3 e6 3. d4 cxd4 4. Nxd4 a6 5. c4 Qc7 6. Nc3 Nf6 7. a3 Nc6 8. Be3 h5 9. Be2 Ng4 10. Bxg4 hxg4 11. Qxg4 Ne5 12. Bf4 Nd3+ 13. Kd2 Qxf4+ 14. Qxf4 Nxf4 15. g3 Ng6 16. f4 Bc5 17. Nb3 Ba7 18.
c5 b6 19. cxb6 Bxb6 20. h4 Bb7 21. Rhd1 O-O 22. Ke2 d5 23. exd5 exd5 24. Nxd5 Rfe8+ 25. Kf1 Bxd5 26. Rxd5 Re3 27. h5 Ne7 28. Re5 Rxb3 29.
Rxe7 Rxg3 30. Ke2 Rg2+ 31. Kf3 Rxb2 32. Rd1 Rb3+ 33. Kg4 Rxa3 34. Rdd7 Rf8 35. Kf5 Rh3 36. Kg4 Re3 0-1

[Event "*** Titled Tuesday Blitz"]
[Site "Chess.com"]
[Date "2021.04.20"]
[Round "6"]
[White "dretch"]
[Black "Diego_FloresQ"]
[Result "1-0"]
[WhiteElo "2782"]
[BlackElo "2609"]
[TimeControl "180+1"]
[EndTime "11:04:09 PDT"]
[Termination "dretch won by resignation"]

1. d4 Nf6 2. c4 c5 3. d5 e6 4. Nc3 exd5 5. cxd5 d6 6. e4 g6 7. h3 Bg7 8. Nf3 O-O 9. Bd3 a6 10. a4 Re8 11. O-O Nbd7 12. Re1 Ne5 13. Nxe5 Rxe5 14. Bf4 Re8 15. a5 Nh5 16. Bh2 Be5 17.
Bxe5 Rxe5 18. Qd2 Qf6 19. Ne2 g5 20. Ra3 h6 21. Bb1 Re7 22. Rf1 Qg7 23. g4 Nf6 24.
Ng3 Bd7 25. f4 Rae8 26. e5 dxe5 27. fxg5 hxg5 28. d6 Re6 29. Nf5 Qh8 30. Qxg5+ Kf8 31. Ba2 Ne4 32. Qe3 Bc6 33. d7 Bxd7 34. Qxe4 Bc6 35.
Qe3 Rf6 36. Qxc5+ 1-0

[Event "*** Titled Tuesday Blitz"]
[Site "Chess.com"]
[Date "2021.04.20"]
[Round "6"]
[White "Kopytkin"]
[Black "MIJuanReyesRosa"]
[Result "1-0"]
[WhiteElo "2365"]
[BlackElo "2045"]
[TimeControl "180+1"]
[EndTime "11:04:09 PDT"]
[Termination "Kopytkin won by checkmate"]

1. e4 c5 2. d4 cxd4 3. c3 g6 4. Nf3 Bg7 5. Bc4 dxc3 6. Nxc3 Nh6 7. h3 O-O 8. Bg5 Kh8 9. Qd2 Ng8 10. h4 Nc6 11. h5 Ne5 12. Nxe5 Bxe5 13. O-O-O Qa5 14. hxg6 fxg6 15. Rxh7+ Kxh7 16. Rh1+ Kg7 17. Bh6+ Nxh6 18.
Qxh6+ Kf6 19. Qxf8+ Kg5 20. Qh6+ Kf6 21. Nd5+ Kf7 22.
Nf4+ Kf6 23. Qxg6# 1-0

[Event "*** Titled Tuesday Blitz"]
[Site "Chess.com"]
[Date "2021.04.20"]
[Round "6"]
[White "Azerichess"]
[Black "Sadykov_Ramil"]
[Result "1-0"]
[WhiteElo "2990"]
[BlackElo "2492"]
[TimeControl "180+1"]
[EndTime "11:04:11 PDT"]
[Termination "Azerichess won on time"]

1. e4 e5 2. Nc3 Nc6 3. f4 d6 4. Nf3 Nf6 5. Bc4 Be6 6. Bxe6 fxe6 7. fxe5 dxe5 8. O-O Bc5+ 9. Kh1 O-O 10. d3 Qd6 11.
Bg5 h6 12. Bh4 Rf7 13. Nd2 Raf8 14. Nc4 Qd7 15. h3 Ne8 16. Rxf7 Qxf7 17. Bg3 Bd4 18. Nb5 Qg6 19. Kh2 Bf2 20. Qg4 Qxg4 21. hxg4 a6 22. Nc3 Bxg3+ 23. Kxg3 Nd6 24. Ne3 Kf7 25. Na4 Ke7 26. Nc5 b6 27. Nb3 Nd4 28. Rh1 a5 29. Nxd4 exd4 30. Nf1 Nf7 31. Nd2 Ne5 32. Nf3 Nxf3 33.
gxf3 e5 34. Rh5 Ke6 35. g5 hxg5 36. Rxg5 Rf7 37. Rg6+ Ke7 38. Rg5 Ke6 39. Kg4 Re7 40.
Rg6+ Kf7 41. Kf5 1-0

[Event "*** Titled Tuesday Blitz"]
[Site "Chess.com"]
[Date "2021.04.20"]
[Round "6"]
[White "shineatchess"]
[Black "MrChampion_Coach"]
[Result "0-1"]
[WhiteElo "2219"]
[BlackElo "2413"]
[TimeControl "180+1"]
[EndTime "11:04:11 PDT"]
[Termination "MrChampion_Coach won by resignation"]

1. e4 c5 2. c3 Nf6 3. e5 Nd5 4. Nf3 d6 5. exd6 Qxd6 6. d4 cxd4 7. c4 Nb4 8. a3 N4c6 9. b4 Bf5 10. b5 Qe6+ 11.
Be2 d3 12. bxc6 dxe2 13. Qd5 Nxc6 14. Nc3 Rd8 15. Qxe6 Bxe6 16. c5 Bc4 17. Nxe2 e5 18. Be3 Be7 19. Nd2 Ba6 20. Ne4 f5 21. N4c3 f4 22.
Bd2 Bxc5 23. Nc1 Bxf2+ 24. Kd1 Be3 25. Nb3 Bc4 26. Kc2 Bxb3+ 0-1

[Event "*** Titled Tuesday Blitz"]
[Site "Chess.com"]
[Date "2021.04.20"]
[Round "6"]
[White "zurzan"]
[Black "suneebaker"]
[Result "0-1"]
[WhiteElo "1998"]
[BlackElo "2203"]
[TimeControl "180+1"]
[EndTime "11:04:13 PDT"]
[Termination "suneebaker won by resignation"]

1. f4 e5 2. fxe5 d6 3. exd6 Nf6 4. Nf3 Bxd6 5. Nc3 Bg4 6. e3 O-O 7. Be2 Nc6 8. O-O Re8 9. h3 Bh5 10. d4 Qe7 11. a3 Bg3 12. Ng5 Bxe2 13. Qxe2 h6 14. Qf3 Bh4 15. e4 Bxg5 16. Bxg5 hxg5 17. e5 Nxd4 18. Qe3 Qxe5 19. Qd3 Rad8 20. Rae1 Qc5 21. Rxe8+ Rxe8 22. Kh1 Ne6 23. b4 Qd4 24. Qf3 Nf4 25. Nb5 Qe4 26. Nxc7 Qxf3 27. Rxf3 Re1+ 28. Kh2 Re2 29.
Rg3 Ne4 30. Rg4 f5 0-1

[Event "*** Titled Tuesday Blitz"]
[Site "Chess.com"]
[Date "2021.04.20"]
[Round "6"]
[White "HouseOfDurin"]
[Black "BJthechessgod"]
[Result "0-1"]
[WhiteElo "2121"]
[BlackElo "2284"]
[TimeControl "180+1"]
[EndTime "11:04:15 PDT"]
[Termination "BJthechessgod won by checkmate"]

1. d4 Nf6 2. Bg5 e6 3. e4 Be7 4. Bxf6 Bxf6 5. e5 Be7 6. Qg4 d6 7. Qxg7 Rf8 8. Nd2 Nc6 9. Bb5 dxe5 10. Bxc6+ bxc6 11. dxe5 Ba6 12. O-O-O Qd5 13. Nb3 Qe4 14.
Qg3 Qa4 15. Kb1 c5 16. Nf3 c4 17. Nc1 Rb8 18. Nd4 c5 19. Nde2 Qb5 20. Nc3 Qxb2# 0-1

[Event "*** Titled Tuesday Blitz"]
[Site "Chess.com"]
[Date "2021.04.20"]
[Round "6"]
[White "ferch1ni"]
[Black "Cptn2"]
[Result "0-1"]
[WhiteElo "2430"]
[BlackElo "2596"]
[TimeControl "180+1"]
[EndTime "11:04:17 PDT"]
[Termination "Cptn2 won on time"]

1. e4 c5 2. Nf3 Nf6 3. Nc3 d5 4. exd5 Nxd5 5. d4 Nc6 6. Nxd5 Qxd5 7. dxc5 Qxc5 8. Be2 g6 9. O-O Bg7 10. c3 O-O 11. Be3 Qa5 12. Qb3 Be6 13. Qxb7 Bd5 14. Qa6 Qxa6 15. Bxa6 Rab8 16. b3 Bxc3 17. Rac1 Bf6 18.
Rfd1 Nb4 19. Be2 Bxf3 20. Bxf3 Nxa2 21. Rc7 a5 22. Ra7 Rxb3 23. Rxa5 Nc3 24. Rc1 Rfb8 25. g3 h5 26. Ra7 Rb1 27. Rxb1 Rxb1+ 28. Kg2 Kg7 29.
Bc5 Re1 30. h4 Re6 31. Ra3 Ne4 0-1

[Event "*** Titled Tuesday Blitz"]
[Site "Chess.com"]
[Date "2021.04.20"]
[Round "6"]
[White "beto-betun"]
[Black "ri4mi"]
[Result "0-1"]
[WhiteElo "2210"]
[BlackElo "2346"]
[TimeControl "180+1"]
[EndTime "11:04:18 PDT"]
[Termination "ri4mi won on time"]

1. d4 a6 2. Nf3 b5 3. g3 Bb7 4. Bg2 e6 5. O-O Nf6 6. b3 d6 7.
Bb2 Nbd7 8. c4 Be7 9. Nbd2 O-O 10. Qc2 Re8 11. e4 c5 12. d5 e5 13. Nh4 g6 14. f4 Ng4 15. Rae1 Bxh4 16. gxh4 Qxh4 17. Nf3 Qh5 18. h3 Nh6 19. fxe5 dxe5 20. Bc1 f6 21. Nh2 Kg7 22. Be3 b4 23. Qf2 Rac8 24. Ng4 Nxg4 25.
hxg4 Qxg4 26. Kh2 Rf8 27. Bh3 Qh5 28. Qg3 Rf7 29. Qg4 Qxg4 30. Bxg4 Rc7 31. Be6 Rf8 32.
Rf2 Bc8 0-1